 Dungeon Crawl Stone Soup version 0.31-a0-700-gf13585253f (webtiles) character file.

Game seed: 12447376948998264942

169 qw the Shooter (level 5, -2/32 HPs)
             Began as a Gargoyle Hunter on Sept 7, 2023.
             Slain by Terence
             ... wielding a +0 flail
              (4 damage)
             ... on level 3 of the Dungeon.
             The game lasted 00:00:42 (2171 turns).

qw the Shooter (Gargoyle Hunter)                    Turns: 2171, Time: 00:00:42

Health: -2/32      AC:  9    Str: 14    XL:     5   Next: 50%
Magic:  5/5        EV: 11    Int: 10    God:
Gold:   85         SH:  0    Dex: 15    Spells: 4/4 levels left

rFire   . . .        Y - +0 shortbow
rCold   . . .        (shield currently unavailable)
rNeg    + . .        b - +0 ring mail
rPois   inf          (no helmet)
rElec   +            (no cloak)
rCorr   .            (no gloves)
SInv    .            (no boots)
Will    .....        (no amulet)
Stlth   +            (no ring)
HPRegen 0.25/turn    (no ring)
MPRegen 0.09/turn

%: no passive effects
@: no status effects
A: sickness immunity, AC +4, negative energy resistance 1, electricity
resistance, torment resistance 1, petrification resistance
a: no special abilities


You were on level 3 of the Dungeon.
You visited 1 branch of the dungeon, and saw 3 of its levels.

You collected 85 gold pieces.


Innate Abilities, Weirdness & Mutations

You are immune to sickness and miasma.
Your stone body is resilient. (AC +4)
You are immune to poison.
You resist negative energy. (rN+)
You are resistant to electric shocks. (rElec)
You are resistant to unholy torment.
You are immune to petrification.


   Skills:
 - Level 3.0 Fighting
 + Level 5.9 Ranged Weapons
 - Level 1.9 Armour
 - Level 1.5 Dodging
 - Level 1.1 Stealth


You had 4 spell levels left.
You didn't know any spells.
Your spell library was empty.

Inventory:

Hand Weapons
 Y - a +0 shortbow (weapon)
Armour
 b - a +0 ring mail (worn)
Scrolls
 a - 3 scrolls of identify
 c - a scroll of enchant armour {unknown}
 d - a scroll of noise {unknown}
Potions
 e - a potion of brilliance {unknown}
 f - a potion of might {unknown}

Dungeon Overview and Level Annotations

Branches:
Dungeon (3/15)

Altars:

Annotations:
D:3 Terence


Message History

f - a blue potion
a - 3 scrolls of identify (gained 1)
You now have 72 gold pieces (gained 8).
You now have 85 gold pieces (gained 13).
You open the door.
There is an open door here.
There is an open door here.
You see here the felid skeleton of Natasha.
Found a ring mail.
Enter note:
Enter note:
Enter note:
Enter note:
Enter note:
Enter note: You open the door.
Terence the Incautious comes into view.
He is wielding a +0 flail and carrying a wand of flame.
Terence shouts!
Found a sling.
You shoot an arrow. The arrow hits Terence.
Terence is lightly wounded.
Terence zaps a wand.
The puff of flame hits you!
You shoot an arrow. The arrow barely misses Terence.
Terence zaps a wand.
The puff of flame hits you!
You shoot an arrow. The arrow barely misses Terence.
You shoot an arrow. The arrow barely misses Terence.
You shoot an arrow. The arrow closely misses Terence.
You shoot an arrow. The arrow hits Terence.
Terence is lightly wounded.
Terence hits you with a +0 flail.
You shoot an arrow.
The arrow hits Terence but does no damage.
Terence is lightly wounded.
Terence barely misses you.
You shoot an arrow.
The arrow hits Terence but does no damage.
Terence is lightly wounded.
Terence zaps a wand.
The puff of flame hits you! Terence hits you with a +0 flail.
You die...

#### ##.........##
.... '.).......' ####
......... .......
..... #. ... .# #.##
#@# .# ...# #@# ..#
#..# #.# ####..# ##.##
.....# ##...## ..##.#
####.....#
#.##.###........#
#.#...##.#....#.# #
##.#..........[..#
###......##...........


You could see Terence.

Vanquished Creatures
  Natasha (twice) (D:3)
  An orc wizard (D:3)
  3 adders
  A worm (D:2)
  4 dart slugs (D:1)
  3 orcs (D:3)
  3 ball pythons (D:1)
  4 bats
  7 endoplasms
  2 giant cockroaches (D:1)
  9 goblins
  3 hobgoblins (D:1)
  2 jackals (D:1)
  2 frilled lizards
  4 kobolds
  5 rats
55 creatures vanquished.

Notes
Turn   | Place    | Note
-------+----------+-------------------------------------------
     0 | D:1      | qw the Gargoyle Hunter began the quest for the Orb.
     0 | D:1      | Reached XP level 1. HP: 12/12 MP: 1/1
     0 | D:1      | 0 ||| qw: Version: 0.3-a-76-g4403597
     0 | D:1      | 0 ||| qw: Game counter: 723
     0 | D:1      | 0 ||| qw: Melee chars always use a shield: true
     0 | D:1      | 0 ||| qw: God list: Okawaru
     0 | D:1      | 0 ||| qw: Allow faded altars: false
     0 | D:1      | 0 ||| qw: Do Orc after clearing Dungeon:15 true
     0 | D:1      | 0 ||| qw: Do second Lair branch before Depths: true
     0 | D:1      | 0 ||| qw: Lair rune preference: random
     0 | D:1      | 0 ||| qw: Goals: Normal
     0 | D:1      | 0 ||| PLANNING D:1-11
   113 | D:1      | Reached XP level 2. HP: 17/17 MP: 2/2
   377 | D:1      | Reached XP level 3. HP: 21/21 MP: 3/3
   411 | D:1      | Reached skill level 5 in Ranged Weapons
   810 | D:1      | 810 ||| READING scroll labelled LIPHAE ZUME.
   811 | D:1      | 811 ||| READING scroll labelled RYEQ HEOGA.
   812 | D:1      | 812 ||| READING scroll labelled IMPYIT VUAKYED.
   813 | D:1      | 813 ||| DROPPING scroll of butterflies.
   856 | D:2      | 856 ||| STAIRDANCE
  1007 | D:2      | Reached skill level 3 in Fighting
  1188 | D:2      | Reached XP level 4. HP: 28/28 MP: 4/4
  1190 | D:2      | 1190 ||| UPGRADING to +0 ring mail.
  1200 | D:2      | 1200 ||| DROPPING +0 leather armour.
  1201 | D:2      | 1201 ||| DROPPING ring of magical power.
  1244 | D:3      | Found a faded altar of an unknown god.
  1366 | D:3      | Reached skill level 1 in Armour
  1660 | D:3      | Reached XP level 5. HP: 32/32 MP: 5/5
  1734 | D:3      | Noticed Natasha
  1741 | D:3      | Killed Natasha
  1802 | D:3      | Noticed Natasha
  1808 | D:3      | Killed Natasha
  2163 | D:3      | Noticed Terence
  2171 | D:3      | HP: 2/32 [Terence/puff of flame (8)]
  2171 | D:3      | Slain by Terence

Levels and vault maps discovered:
D:1:      dpeg_arrival_rhombi, layout_loops_ring, nicolae_eternal_life,
          hex_medium
D:2:      layout_rooms
D:3:      layout_loops_corners, nemelex_dance_club_becter,
          basic_ecumenical_altar, supply_closet_lemuel, uniq_natasha,
          uniq_terence

Skill      XL: |  1  2  3  4 |
---------------+-------------+-----
Ranged Weapons | 5 |  5.9
Fighting       | 3 |  3.0
Armour         | 1 |  1.9
Dodging        | |  1.5
Stealth        | |  1.1

Action                     |  1- 3 |  4- 6 || total
---------------------------+-------+-------++-------
   Fire: Shortbow          |   100 |    72 ||   172
    Use: Scroll            |     3 |       ||     3
 Armour: Leather armour    |    13 |       ||    13
         Ring mail         |       |    26 ||    26
  Dodge: Dodged            |    22 |    10 ||    32

Table legend:
 A = Non-vault XP
 B = Vault XP
 C = Vault XP percentage of total XP
 D = Non-vault monster count
 E = Vault monster count
 F = Vault count percentage of total count
                 A         B        C        D         E       F
            +---------+---------+-------+---------+---------+-------
      Total |     207 |      35 |  14.5 |      54 |       1 |   1.8
            +---------+---------+-------+---------+---------+-------
        D:1 |      55 |       0 |   0.0 |      27 |       0 |   0.0
        D:2 |      33 |       0 |   0.0 |      12 |       0 |   0.0
        D:3 |     119 |      35 |  22.7 |      15 |       1 |   6.2
            +---------+---------+-------+---------+---------+-------
